 Dungeon Crawl Stone Soup version 0.29-a0-397-g846e4a0bbc (webtiles) character file.

Game seed: 4860427435019158028

60 BlueGoblin the Insei (level 3, 0/28 HPs)
             Began as a Demigod Transmuter on May 12, 2022.
             Succumbed to an adder's poison
             ... on level 3 of the Dungeon.
             The game lasted 00:02:31 (2594 turns).

BlueGoblin the Insei (Demigod Transmuter)           Turns: 2594, Time: 00:02:34

Health: 0/28       AC:  2    Str: 17    XL:     3   Next: 57%
Magic:  6/8        EV: 12    Int: 19    God:
Gold:   165        SH:  0    Dex: 14    Spells: 2/5 levels left

rFire   + . .      SeeInvis .     - Unarmed
rCold   . . .      Faith    .   (no shield)
rNeg    . . .      Spirit   .   a - +0 robe
rPois   .          Reflect  .   (no helmet)
rElec   .          Harm     .   (no cloak)
rCorr   .          Rampage  .   (no gloves)
Will    .....                   (no boots)
Stlth   +.........              (no amulet)
HPRegen 0.09/turn               e - ring of protection from fire
MPRegen 0.11/turn               g - +6 ring of strength

@: lethally poisoned (0 -> -8)
A: high MP 1, forlorn, divine attributes
a: no special abilities


You were on level 3 of the Dungeon.
You visited 1 branch of the dungeon, and saw 3 of its levels.

You collected 165 gold pieces.

Inventory:

Armour
 a - a +0 robe (worn)
Jewellery
 e - a ring of protection from fire (left hand)
 g - a +6 ring of strength (right hand)
Scrolls
 d - a scroll of immolation {unknown}
 i - a scroll of identify {unknown}
 j - a scroll of teleportation {unknown}
Potions
 b - 2 potions of lignification
 c - a potion of brilliance {unknown}
 f - a potion of degeneration {unknown}
 k - a potion of curing {unknown}


   Skills:
 + Level 1.1 Fighting
 - Level 1.7 Dodging
 + Level 3.7 Unarmed Combat
 - Level 1.7 Spellcasting
 * Level 2.6 Transmutations


You had 2 spell levels left.
You knew the following spells:

 Your Spells              Type           Power      Damage    Failure   Level
a - Beastly Appendage     Tmut           22%        N/A       6%          1
q - Wereblood             Tmut           11%        N/A       9%          2

Your spell library contained the following spells:

 Spells                   Type           Power      Damage    Failure   Level
 Animate Skeleton         Necr           2%         N/A       17%         1
 Apportation              Tloc           2%         N/A       17%         1
 Summon Small Mammal      Summ           4%         N/A       17%         1
 Spider Form              Tmut/Pois      6%         N/A       30%         3
 Ice Form                 Ice/Tmut       6%         N/A       69%         4


Dungeon Overview and Level Annotations

Branches:
Dungeon (3/15)


Innate Abilities, Weirdness & Mutations

You have an increased reservoir of magic. (+10% MP)
You shall have no god before yourself.
Your divine heritage dramatically boosts your attributes as you level up.


Message History

You feel sick. The goblin hits you with a +0 dagger. The adder bites you.
* * * LOW HITPOINT WARNING * * *
You are lethally poisoned!
The adder poisons you!
Really quaff the potion of lignification?
Your horns disappear.
Your talons disappear.
You turn into a tree.
Your +0 robe melds into your body.
Your roots penetrate the ground.
* * * LOW HITPOINT WARNING * * *
You feel very sick. The goblin hits you but does no damage.
The adder bites you but does no damage.
Unknown command.
You smack the adder!
You feel a bit better.
You kill the adder!
* * * LOW HITPOINT WARNING * * *
You feel very sick. The goblin hits you but does no damage.
You closely miss the adder.
* * * LOW HITPOINT WARNING * * *
You feel sick. The adder bites you but does no damage.
The goblin hits you but does no damage. The adder bites you.
* * * LOW HITPOINT WARNING * * *
You are more poisoned.
The adder poisons you!
You barely miss the adder.
* * * LOW HITPOINT WARNING * * *
You feel sick. The goblin hits you but does no damage.
The adder bites you but does no damage.
You barely miss the adder.
* * * LOW HITPOINT WARNING * * *
You feel sick. The adder bites you but does no damage.
A rat comes into view.
The goblin hits you but does no damage.
It was a potion of cancellation.
Your magical effects are unravelling.
You feel magically purged.
You feel less wooden.
Your +0 robe unmelds from your body.
Your primal bloodlust has ended.
You die...

#.#.# #.#.#
#.#.# ##.#.#
#..<.#####
#.#......#
####....###.#
#.......#
#...##@.##.#
#.. #Sg.# #..
. ..o##.# ..#
#... #). .#
#.### ..#.#
..# ## #r. ##


You could see an adder, an orc, a goblin and a rat (wandering).

Vanquished Creatures
  2 adders
  2 worms (D:2)
  A dart slug (D:1)
  4 endoplasms
  A giant cockroach (D:1)
  6 goblins
  2 hobgoblins
  4 kobolds
  2 quokkas
  3 ball pythons
  2 bats
  4 frilled lizards
33 creatures vanquished.

Notes
Turn   | Place    | Note
-------+----------+-------------------------------------------
     0 | D:1      | BlueGoblin the Demigod Transmuter began the quest for the
                  | Orb.
     0 | D:1      | Reached XP level 1. HP: 15/15 MP: 5/5
   277 | D:1      | Reached skill level 3 in Unarmed Combat
   329 | D:1      | Reached XP level 2. HP: 13/22 MP: 5/7
   330 | D:1      | Reached skill level 1 in Fighting
  1786 | D:2      | Reached XP level 3. HP: 28/28 MP: 6/8
  1844 | D:2      | Learned a level 2 spell: Wereblood
  2594 | D:3      | Succumbed to an adder's poison

Illustrated notes

Levels and vault maps discovered:
D:1:      lightli_arrival_boilingwater, layout_basic,
          hellmonk_ecumenical_altar_lost_god
D:2:      layout_rooms, minmay_pentomino_z2
D:3:      layout_loops_ring, minmay_vboxes

Skill      XL: |  1  2 |
---------------+-------+-----
Transmutations | 2 |  2.6
Unarmed Combat | 3 |  3.7
Fighting       | 1 |  1.1
Dodging        | |  1.7
Spellcasting   | |  1.7

Action                   || total
-------------------------++-------
Melee: Unarmed           ||   104
       Headbutt          ||    10
       Kick              ||    15
       Punch             ||     4
 Cast: Beastly Appendage ||    25
       Wereblood         ||     1
  Use: Potion            ||     2
Armor: Robe              ||    15
       Skin              ||     9
Dodge: Dodged            ||    61

Table legend: (Time is in decaauts)
 A = Elapsed time spent in this place.
 B = Non-inter-level travel time spent in this place.
 C = Inter-level travel time spent in this place.
 D = Time resting spent in this place.
 E = Time spent auto-exploring this place.
 F = Levels seen in this place.
 G = Mean time per level.
                   A        B        C        D        E       F      G
               +--------+--------+--------+--------+--------+-----+--------+
         Total |   2589 |   2518 |     71 |    280 |   1980 |   3 |  863.0 |
       Dungeon |   2589 |   2518 |     71 |    280 |   1980 |   3 |  863.0 |
               +--------+--------+--------+--------+--------+-----+--------+

Top non-repeatable levels by time:
     D:1: 1330 daAuts
     D:2: 1245 daAuts
     D:3: 13 daAuts
